 Dungeon Crawl Stone Soup version 0.19.0-16-g73b5abf (webtiles) character file.

3761 tv1990 the Warmonger (level 10, -1/71 HPs)
             Began as a Formicid Arcane Marksman on Nov 10, 2016.
             Was an Elder of Okawaru.
             Slain by an orc warrior
             ... wielding a +0 long sword
              (17 damage)
             ... on level 8 of the Dungeon.
             The game lasted 00:28:25 (9977 turns).

tv1990 the Warmonger (Formicid Arcane Marksman)     Turns: 9977, Time: 00:28:26

Health: -1/71      AC: 10    Str: 15    XL:     10   Next: 38%
Magic:  17/17      EV:  8    Int: 18    God:    Okawaru [****..]
Gold:   401        SH:  0    Dex: 13    Spells: 0 memorised, 11 levels left

rFire  . . .     SeeInvis +     u - +5 spear
rCold  . . .     Gourm    .     i - +0 chain mail
rNeg   + . .     Faith    +     (no shield)
rPois  .         Spirit   .     (helmet unavailable)
rElec  .         Reflect  .     s - +0 cloak
rCorr  .         Harm     .     (no gloves)
MR     +....                    (no boots)
Stlth  ..........               d - amulet of faith
                                H - ring of positive energy
                                l - +4 ring of intelligence

@: no status effects
A: permanent stasis, dig shafts and tunnels, four strong arms, antennae 3
a: Dig, Shaft Self, Heroism, Renounce Religion


You were on level 8 of the Dungeon.
You worshipped Okawaru.
Okawaru was greatly pleased with you.
You were very hungry.

You visited 1 branch of the dungeon, and saw 8 of its levels.

You collected 401 gold pieces.

Inventory:

Hand Weapons
 a - a +1 hand crossbow
 g - a +0 flail
 u - a +5 spear (weapon)
 y - a +0 whip of flaming
Armour
 e - a +0 robe
 i - a +0 chain mail (worn)
 s - a +0 cloak (worn)
Jewellery
 d - an amulet of faith (around neck)
 l - a +4 ring of intelligence (left hand)
 n - an uncursed ring of stealth
 A - an uncursed ring of resist corrosion
 D - a +5 ring of strength {unknown}
 F - an uncursed ring of wizardry
 H - a ring of positive energy (right hand)
Wands
 k - a wand of lightning (3/15)
 x - a wand of iceblast (3/15)
 L - a wand of polymorph (14/24)
Scrolls
 h - a scroll of teleportation
 p - 2 scrolls of enchant weapon
 r - a scroll of remove curse
 t - a scroll of blinking
 v - 3 scrolls of magic mapping
 C - a scroll of amnesia
 E - a scroll of recharging
 J - a scroll of vulnerability {unknown}
 K - a scroll of fog
 M - a scroll of immolation {unknown}
 O - a scroll of random uselessness {unknown}
Potions
 j - 2 potions of degeneration
 m - a potion of haste
 q - a potion of invisibility
 w - a potion of magic
 z - 5 potions of brilliance
 G - a potion of flight
 N - a potion of resistance {unknown}
Books
 c - a book of Debilitation

   Spells                             Type                      Level
   a - Corona                         Hexes                        1
   b - Slow                           Hexes                        2
   c - Gell's Gravitas                Hexes/Translocation          3
   d - Inner Flame                    Hexes/Fire                   3
   e - Cause Fear                     Hexes                        4
   f - Leda's Liquefaction            Hexes/Earth                  4
 B - a book of Minor Magic

   Spells                             Type                      Level
   a - Magic Dart                     Conjuration                  1
   b - Blink                          Translocation                2
   c - Call Imp                       Summoning                    2
   d - Repel Missiles                 Charms/Air                   2
   e - Slow                           Hexes                        2
   f - Conjure Flame                  Conjuration/Fire             3
   g - Mephitic Cloud                 Conjuration/Poison/Air       3
Comestibles
 b - 7 meat rations
 f - 3 bread rations


   Skills:
 + Level 3.8 Fighting
 - Level 7.9 Polearms
 * Level 5.8 Crossbows
 + Level 4.2 Armour
 + Level 3.6 Dodging
 - Level 1.1 Spellcasting
   Level 3.6 Hexes
 - Level 9.8 Invocations


You had 11 spell levels left.
You didn't know any spells.

Dungeon Overview and Level Annotations

Branches:
Dungeon (8/15)             Temple (0/1) D:5
   Lair: D:8-11

Altars:
Ashenzari
Okawaru
Vehumet
Xom
Yredelemnul
The Shining One
Beogh

Annotations:
D:7 1 runed door


Innate Abilities, Weirdness & Mutations

You are under a permanent stasis effect.
You can dig through walls and to a lower floor.
Your four strong arms can wield two-handed weapons with a shield.
You have a pair of large antennae on your head. (SInv)


Message History

You puncture the hippogriff!
You kill the hippogriff!
Okawaru accepts your kill.
You hit the orc.
You kill the orc!
Okawaru accepts your kill.
You feel better.
You closely miss the orc warrior.
The orc warrior hits you with a long sword!
* * * LOW HITPOINT WARNING * * *
You hit the orc warrior.
The orc warrior is moderately wounded.
You hit the orc warrior but do no damage.
The orc warrior is moderately wounded.
The orc warrior hits you with a long sword.
* * * LOW HITPOINT WARNING * * *
You closely miss the orc warrior.
The orc warrior is moderately wounded.
The orc warrior hits you with a long sword!
You die...

# .. #.#.#### #.#ooo{{
####.#ooooo#####
#....#.{{{{#{#@#
#....#oo{o{{#o##
#....#ooooo###.#######
#....#######.........#
#.......##...........##########
#.......##....................#
#.......##...........########.#
#.......##.....H.....# #.#
#.......##...........# #.#


You could see an orc warrior.

Vanquished Creatures
  Pikel (D:4)
  Joseph (D:8)
  A hippogriff (D:8)
  A soldier ant (D:8)
  An orc warrior (D:8)
  A sky beast (D:3)
  A slave (D:4)
  2 ogres
  A crocodile (D:8)
  The ghost of benbatman the Cutter, an amateur HaAr (D:3)
  2 bullfrogs
  2 scorpions
  13 wights
  4 killer bees (D:8)
  2 howler monkeys
  4 crimson imps
  A quasit (D:8)
  A jelly (D:5)
  An orc priest (D:7)
  4 orc wizards
  5 hounds
  6 iguanas
  Natasha (thrice) (D:4)
  2 killer bee zombies
  4 worker ants
  A hound zombie (D:6)
  A hound skeleton (D:6)
  4 gnolls
  12 adders
  5 shadow imps
  2 oozes
  2 worms (D:2)
  2 dart slugs (D:1)
  2 leopard geckos (D:3)
  26 orcs
  A ball python (D:1)
  9 giant cockroaches
  8 goblins
  6 hobgoblins
  2 jackals (D:1)
  6 kobolds
  A quokka (D:7)
  2 bats (D:1)
  4 frilled lizards
  A leopard gecko skeleton (D:4)
  5 rats
167 creatures vanquished.

Vanquished Creatures (others)
  A bullfrog skeleton (D:5)
  An adder skeleton (D:5)
  A giant cockroach zombie (D:5)
3 creatures vanquished.

Grand Total: 170 creatures vanquished

Notes
Turn   | Place    | Note
-------+----------+-------------------------------------------
     0 | D:1      | tv1990 the Formicid Arcane Marksman began the quest for the Orb.
     0 | D:1      | Reached XP level 1. HP: 15/15 MP: 2/2
    59 | D:1      | Reached skill level 1 in Armour
    59 | D:1      | Reached XP level 2. HP: 21/21 MP: 3/3
   148 | D:1      | Reached XP level 3. HP: 20/26 MP: 4/4
   780 | D:2      | Reached XP level 4. HP: 29/32 MP: 5/5
  1159 | D:2      | Found an iron altar of Okawaru.
  1170 | D:2      | Became a worshipper of Warmaster Okawaru
  1278 | D:2      | Reached skill level 1 in Invocations
  1287 | D:2      | Reached XP level 5. HP: 25/37 MP: 6/6
  1288 | D:2      | Reached skill level 2 in Invocations
  1622 | D:3      | Noticed benbatman's ghost (amateur HaAr)
  2256 | D:3      | Reached skill level 3 in Invocations
  2453 | D:3      | Reached skill level 4 in Invocations
  2456 | D:3      | Reached XP level 6. HP: 39/43 MP: 7/9
  2685 | D:4      | Found a glowing golden altar of the Shining One.
  2687 | D:4      | Noticed a slave
  2687 | D:4      | Noticed a slave
  2858 | D:4      | Noticed Natasha
  2882 | D:4      | Reached skill level 5 in Invocations
  2890 | D:4      | Killed Natasha
  3008 | D:4      | Reached * piety under Okawaru
  3027 | D:4      | Noticed a slave
  3062 | D:4      | Killed a slave
  3194 | D:4      | Noticed Pikel
  3200 | D:4      | Noticed a slave
  3202 | D:4      | Killed Pikel
  3202 | D:4      | Reached ** piety under Okawaru
  3202 | D:4      | Reached skill level 8 in Invocations
  3202 | D:4      | Reached XP level 7. HP: 44/48 MP: 9/13
  3202 | D:4      | Reached XP level 8. HP: 49/54 MP: 9/14
  3310 | D:4      | Noticed Natasha
  3315 | D:4      | Killed Natasha
  3576 | D:4      | Noticed Natasha
  3583 | D:4      | Killed Natasha
  3583 | D:4      | Reached skill level 9 in Invocations
  3653 | D:5      | Entered Level 5 of the Dungeon
  3691 | D:5      | Found a staircase to the Ecumenical Temple.
  3904 | D:5      | Found a basalt altar of Yredelemnul.
  4874 | D:5      | Found a shattered altar of Ashenzari.
  5023 | D:3      | Killed benbatman's ghost
  5335 | D:6      | Found a shimmering altar of Xom.
  5540 | D:6      | Reached XP level 9. HP: 62/62 MP: 16/16
  5704 | D:6      | Found a radiant altar of Vehumet.
  5857 | D:6      | Reached *** piety under Okawaru
  6182 | D:6      | Reached skill level 5 in Crossbows
  6642 | D:6      | Reached skill level 1 in Polearms
  7230 | D:7      | Found a runed door.
  8040 | D:7      | Reached skill level 5 in Polearms
  8653 | D:8      | Reached **** piety under Okawaru
  8745 | D:8      | Noticed Joseph
  8898 | D:8      | Reached XP level 10. HP: 44/70 MP: 17/17
  9389 | D:8      | Killed Joseph
  9389 | D:8      | Received a gift from Okawaru
  9918 | D:8      | Found a roughly hewn altar of Beogh.
  9977 | D:8      | Slain by an orc warrior

Skill      XL: |  1  2  3  4  5  6  7  8  9 10 |
---------------+-------------------------------+-----
Armour         | 1 2 3 4 |  4.2
Dodging        | 2 3 |  3.6
Crossbows      | 3 4 5 |  5.8
Invocations    | 1 4 8 9 |  9.8
Fighting       | 2 3 |  3.8
Polearms       | 6 7 |  7.9
Spellcasting   | |  1.1
Hexes          | |  3.6

Action                   |  1- 3 |  4- 6 |  7- 9 | 10-12 || total
-------------------------+-------+-------+-------+-------++-------
Melee: Flail             |       |    73 |    67 |       ||   140
       Whip              |       |       |    67 |       ||    67
       Punch             |       |       |     4 |     1 ||     5
       Spear             |       |       |   243 |   109 ||   352
 Fire: Hand crossbow     |    48 |   191 |   179 |    41 ||   459
Invok: Heroism           |       |     2 |    10 |     3 ||    15
 Abil: Dig               |       |     3 |     5 |     4 ||    12
Evoke: Wand              |       |       |     2 |       ||     2
  Use: Scroll            |       |     9 |     7 |       ||    16
       Potion            |       |       |       |     1 ||     1
  Eat: Chunk             |       |     8 |    11 |     3 ||    22
       Beef jerky        |       |       |     2 |       ||     2
       Bread ration      |       |       |     1 |       ||     1
Armor: Robe              |     1 |       |       |       ||     1
       Chain mail        |       |   164 |   205 |    46 ||   415
Dodge: Dodged            |    13 |    95 |   173 |    50 ||   331

Table legend:
 A = Turns spent in this place as a percentage of turns spent in the entire game.
 B = Non-inter-level travel turns spent in this place as a percentage of non-inter-level travel turns spent in the entire game.
 C = Inter-level travel turns spent in this place as a percentage of turns spent in this place.
 D = Turns resting spent in this place as a percentage of non-inter-level travel turns spent in this place.
 E = Turns spent auto-exploring this place as a percentage of non-inter-level travel turns spent in this place.
 F = Non-inter-level travel turns spent in this place divided by the number of levels of this place that you've seen.
                   A       B       C       D       E      F
               +-------+-------+-------+-------+-------+----------------------
         Total | 100.0 | 100.0 |   0.7 |   5.8 |  14.0 | 269.0
       Dungeon | 100.0 | 100.0 |   0.7 |   5.8 |  14.0 | 269.0
               +-------+-------+-------+-------+-------+----------------------

Table legend:
 A = Kills in this place as a percentage of kills in entire the game.
 B = Kills by you in this place as a percentage of kills by you in the entire game.
 C = Kills by friends in this place as a percentage of kills by friends in the entire game.
 D = Other kills in this place as a percentage of other kills in the entire game.
 E = Experience gained in this place as a percentage of experience gained in the entire game.
 F = Experience gained in this place divided by the number of levels of this place that you have seen.
                   A       B       C       D       E      F
               +-------+-------+-------+-------+-------+----------------------
         Total | 100.0 | 100.0 |  -nan |  -nan | 100.0 | 671.8
       Dungeon | 100.0 | 100.0 |  -nan |  -nan | 100.0 | 671.8
               +-------+-------+-------+-------+-------+----------------------

Vault maps used:
D:1:      roderic_dead_forest
D:2:      kennysheep_okawaru_gauntlet
D:4:      nicolae_overflow_crystal_walls, first_bread, uniq_pikel, uniq_natasha
D:5:      ashenzari_conservatory_becter, yredelemnul_altar_generic
D:6:      lemuel_doored_altar, basic_altar
D:7:      lightli_church_of_beogh
D:8:      special_room, uniq_joseph
